Map: 이페머론 - 래더

Players

Armani - Winner!

  • Race: Zerg Zerg
  • League: Grandmaster
  • Spawn Location: 11:00

Dream

  • Race: Terran Terran
  • League: Grandmaster
  • Spawn Location: 5:00

VOD

Have the link to the VOD?

Description

Time

  • Played on: Jan. 9, 2020, 5:24 a.m.
  • Length: 11:42
Show
View Real Time Build Order
Export as new Build Order

Armani Zerg - Winner!

Build Orders: Pool First 

Get SALT Encoding   

  12  0:00  Drone  
  13  0:12  Overlord  
  13  0:16  Drone  
  14  0:31  Drone x2  
  16  0:36  Drone  
  17  0:45  Extractor  
  17  0:46  Spawning Pool  
  17  0:49  Drone  
  16  0:56  Drone  
  17  1:15  Hatchery  
  17  1:18  Drone  
  17  1:22  Drone  
  18  1:33  Zergling x2  
  18  1:36  Queen  
  21  1:44  Overlord  
  21  1:50  Metabolic Boost  
  21  2:03  Drone  
  21  2:04  Drone  
  23  2:12  Queen  
  23  2:14  Drone  
  26  2:21  Drone  
  27  2:27  Queen  
  27  2:28  Drone  
  30  2:34  Drone  
  31  2:39  Drone  
  32  2:46  Drone  
  33  2:54  Hatchery  
  33  2:57  Drone  
  32  2:59  Overlord  
  32  3:03  Drone  
  33  3:06  Zergling x4  
  33  3:10  Pneumatized Carapace  
  35  3:16  Drone  
  35  3:19  Drone  
  37  3:21  Drone x3  
  40  3:27  Queen  
  40  3:30  Drone  
  43  3:34  Overlord  
  43  3:36  Drone  
  44  3:54  Drone x8  
  52  3:56  Overlord  
  52  4:01  Baneling Nest  
  51  4:05  Queen, Drone  
  51  4:07  Queen  
  56  4:11  Drone  
  56  4:12  Drone  
  56  4:16  Drone x2  
  60  4:18  Overlord  
  60  4:20  Drone  
  60  4:21  Drone  
  62  4:27  Lair  
  62  4:30  Drone x2  
  64  4:33  Drone x2  
  64  4:35  Overlord  
  64  4:38  Overlord  
  66  4:41  Overlord  
  66  4:50  Extractor  
  66  4:51  Drone  
  66  4:52  Extractor  
  65  4:53  Queen, Drone  
  65  4:55  Zergling x8  
  65  4:57  Drone  
  65  4:59  Drone x2  
  75  5:01  Drone x2, Overlord  
  77  5:07  Drone x2  
  77  5:08  Drone x2  
  77  5:10  Extractor  
  77  5:11  Extractor, Drone  
  77  5:12  Roach Warren  
  77  5:14  Drone  
  80  5:15  Drone  
  80  5:18  Spore Crawler  
  80  5:19  Spore Crawler  
  79  5:22  Spore Crawler  
  79  5:23  Drone x2  
  80  5:29  Spire  
  80  5:30  Queen  
  81  5:36  Drone x4  
  81  5:37  Drone x2  
  81  5:42  Zergling x8  
  89  5:44  Drone  
  89  5:45  Drone  
  89  5:47  Drone  
  89  5:49  Drone  
  93  5:50  Extractor  
  93  5:51  Glial Reconstitution, Overlord  
  92  5:58  Overseer  
  92  6:00  Overlord  
  92  6:04  Overlord  
  90  6:15  Overlord  
  90  6:16  Overlord x2  
  88  6:21  Roach x4  
  88  6:22  Drone x2  
  95  6:27  Hatchery  
  94  6:37  Overlord  
  93  6:42  Corruptor  
  93  6:43  Corruptor x5  
  100  6:48  Corruptor  
  100  6:50  Roach x2  
  100  6:52  Drone x3  
  109  6:55  Evolution Chamber  
  109  7:00  Roach x2  
  112  7:03  Roach  
  112  7:04  Ravager x3  
  117  7:10  Roach x5  
  117  7:12  Overlord  
  117  7:14  Roach  
  129  7:16  Zergling x2  
  129  7:18  Overlord  
  129  7:21  Zerg Missile Weapons Level 1  
  130  7:27  Zergling x2  
  130  7:28  Overlord  
  130  7:32  Drone x5  
  130  7:33  Zerg Flyer Weapons Level 1  
  135  7:37  Drone  
  135  7:40  Drone  
  135  7:41  Queen  
  135  7:42  Drone x5  
  135  7:44  Overlord  
  144  7:47  Drone  
  144  7:50  Drone x2  
  142  7:52  Drone  
  142  7:55  Drone x2  
  142  7:56  Drone  
  142  7:57  Drone  
  140  7:58  Drone  
  140  7:59  Drone  
  140  8:01  Drone  
  134  8:09  Extractor  
  134  8:10  Extractor  
  126  8:13  Corruptor, Hatchery, Evolution Chamber  
  126  8:17  Corruptor  
  126  8:18  Hatchery  
  123  8:22  Queen  
  123  8:23  Drone  
  124  8:31  Roach, Ravager  
  124  8:32  Roach x4  
  135  8:35  Drone  
  136  8:42  Roach, Zerg Melee Weapons Level 1  
  136  8:43  Roach x5  
  147  8:51  Corruptor x3  
  157  8:55  Roach x2  
  157  8:56  Roach  
  157  8:57  Overlord  
  157  9:01  Overlord  
  157  9:02  Spine Crawler  
  158  9:05  Overlord  
  158  9:06  Overlord  
  158  9:08  Overlord  
  158  9:11  Overlord  
  158  9:17  Roach x2  
  158  9:18  Roach x3  
  158  9:19  Overlord  
  158  9:22  Overlord x2  
  168  9:27  Roach x4  
  176  9:33  Ravager  
  176  9:34  Ravager x6  
  184  9:38  Zergling x6  
  184  9:40  Drone  
  187  9:47  Extractor  
  187  9:49  Zergling x2  
  187  9:50  Zergling x18  
  187  9:52  Extractor  
  195  9:53  Overlord  
  195  9:55  Overlord  
  195  9:56  Corruptor  
  197  10:01  Drone x3  
  197  10:04  Overlord  
  200  10:11  Overlord  
  200  10:21  Corruptor x3  
  192  10:26  Zergling x16  
  187  10:37  Zergling x24  
  193  10:49  Zergling x26  
Show
View Real Time Build Order
Export as new Build Order

Dream Terran 

Build Orders: Gas First Reaper Expand, Mech 

Get SALT Encoding   

  12  0:00  SCV  
  13  0:12  SCV  
  14  0:17  Supply Depot  
  14  0:24  SCV  
  14  0:27  Refinery  
  15  0:38  SCV  
  16  0:43  Barracks  
  16  0:50  SCV  
  17  1:02  SCV  
  18  1:15  SCV  
  19  1:31  Orbital Command, Reaper  
  20  1:41  Command Center  
  20  1:52  Factory  
  20  1:57  SCV  
  21  2:03  Supply Depot  
  21  2:06  Barracks Reactor  
  21  2:09  SCV  
  22  2:16  Refinery  
  22  2:21  SCV  
  23  2:33  SCV  
  23  2:36  Hellion  
  26  2:43  Marine  
  27  2:45  Marine  
  27  2:46  SCV, Starport  
  29  2:55  Supply Depot  
  29  2:58  SCV  
  29  3:02  Marine  
  29  3:04  Factory Tech Lab  
  31  3:16  SCV  
  31  3:18  Orbital Command  
  33  3:28  SCV  
  33  3:30  Fusion Core  
  33  3:40  SCV  
  34  3:46  SCV  
  35  3:53  SCV  
  36  3:56  Command Center  
  36  3:58  SCV  
  40  4:05  SCV  
  40  4:09  Supply Depot  
  41  4:11  SCV, Hellion x2  
  46  4:18  SCV  
  46  4:23  SCV  
  45  4:25  Battlecruiser  
  45  4:30  SCV  
  52  4:32  Refinery  
  52  4:34  Refinery  
  52  4:35  SCV  
  53  4:41  Hellion  
  53  4:42  SCV  
  53  4:43  Hellion  
  58  4:48  SCV  
  58  4:52  Factory  
  59  4:54  SCV  
  60  5:00  SCV  
  60  5:04  Factory  
  60  5:06  SCV  
  62  5:08  Orbital Command  
  62  5:09  Hellion  
  62  5:12  SCV  
  65  5:15  Hellion  
  65  5:18  SCV  
  68  5:22  Weapon Refit  
  68  5:24  SCV  
  68  5:25  Supply Depot  
  69  5:30  SCV  
  70  5:36  SCV, Battlecruiser  
  77  5:47  SCV, Orbital Command  
  78  5:52  Factory Tech Lab  
  78  5:53  Factory Tech Lab  
  78  5:56  Supply Depot  
  78  5:57  Refinery  
  78  5:58  Supply Depot  
  78  5:59  SCV x2  
  78  6:00  Refinery  
  80  6:11  SCV x2  
  82  6:16  Siege Tank  
  82  6:18  SCV, Siege Tank  
  88  6:23  SCV  
  79  6:29  Hellion x2  
  79  6:30  SCV x2  
  79  6:41  Battlecruiser  
  79  6:45  SCV x2  
  82  6:50  Hellion x2, Siege Tank x2  
  82  6:51  SCV  
  93  6:57  SCV x2  
  93  6:59  Supply Depot, Engineering Bay  
  95  7:03  SCV, Supply Depot  
  96  7:09  SCV  
  96  7:12  Widow Mine x2  
  101  7:16  Supply Depot  
  101  7:18  Supply Depot  
  101  7:19  Armory  
  101  7:20  SCV x2, Armory  
  101  7:21  SCV  
  104  7:22  Supply Depot  
  104  7:27  Cyclone x2, Mag-Field Accelerator  
  110  7:34  SCV x2  
  110  7:36  SCV, Missile Turret  
  113  7:38  Hellion x2  
  113  7:44  Orbital Command  
  117  7:46  SCV  
  117  7:48  SCV  
  118  7:54  Battlecruiser  
  118  7:58  SCV  
  119  8:06  Missile Turret  
  119  8:07  Hellion  
  119  8:08  Hellion  
  119  8:09  Terran Vehicle And Ship Armor Level 1  
  119  8:12  Terran Ship Weapons Level 1  
  123  8:13  Cyclone x2  
  123  8:15  SCV x2  
  131  8:21  Command Center  
  131  8:27  Supply Depot x2  
  131  8:33  Hellion x2  
  135  8:38  Starport x2  
  135  8:41  Supply Depot  
  135  8:42  Supply Depot  
  135  8:48  Supply Depot  
  135  8:53  Cyclone x2  
  135  8:55  Hellion x2  
  143  9:02  Supply Depot  
  143  9:07  Command Center  
  143  9:14  Battlecruiser  
  149  9:23  Missile Turret  
  143  9:32  Cyclone x2  
  143  9:36  Starport Tech Lab x2  
  143  9:37  Hellion x2  
  153  9:43  SCV x3  
  156  9:51  Refinery  
  156  9:53  Missile Turret, Refinery  
  156  9:55  SCV, Battlecruiser  
  156  9:56  SCV x2  
  171  10:00  Battlecruiser  
  171  10:10  Cyclone x2  
  175  10:22  Hellion x2  
  165  10:42  Cyclone  
  161  10:45  Siege Tank  
  161  10:47  Hellion x2  
Tags
 
Add a new tag
Caveats
  • Supply blocks, unpowered buildings, or Contaminate may cause inaccurate times.
  • Supply counts are checked every 10 seconds.